 Dungeon Crawl Stone Soup version 0.29.1-14-g9c671dbff4 (webtiles) character file.

Game seed: 7336247281178946441

193 theswoord the Digger (level 5, -10/32 HPs)
             Began as a Gargoyle Earth Elementalist on Feb 13, 2023.
             Killed from afar by an orc wizard (13 damage)
             ... with a puff of flame
             ... on level 4 of the Dungeon.
             The game lasted 00:04:57 (2956 turns).

theswoord the Digger (Gargoyle Earth Elementalist)  Turns: 2956, Time: 00:04:57

Health: -10/32     AC:  7    Str: 11    XL:     5   Next: 72%
Magic:  5/10       EV: 12    Int: 24    God:
Gold:   195        SH:  0    Dex: 16    Spells: 9/10 levels left

rFire   . . .      SeeInvis .   o - +1 hand axe (elec)
rCold   . . .      Faith    .   (no shield)
rNeg    + . .      Spirit   .   a - +0 robe
rPois   ∞          Reflect  .   (no helmet)
rElec   +          Harm     .   h - +0 cloak
rCorr   .          Rampage  .   (no gloves)
Will    .....                   (no boots)
Stlth   ++........              (no amulet)
HPRegen 0.10/turn               d - +6 ring of dexterity
MPRegen 0.12/turn               l - +6 ring of intelligence

@: no status effects
A: sickness immunity, AC +4, negative energy resistance 1, electricity
resistance, torment resistance 1, petrification resistance
a: no special abilities


You were on level 4 of the Dungeon.
You visited 1 branch of the dungeon, and saw 4 of its levels.

You collected 195 gold pieces.

Inventory:

Hand Weapons
 c - a +2 spear of venom
 o - a +1 hand axe of electrocution (weapon)
Armour
 a - a +0 robe (worn)
 h - a +0 cloak (worn)
 i - a +0 cloak
Jewellery
 d - a +6 ring of dexterity (left hand)
 l - a +6 ring of intelligence (right hand)
Scrolls
 g - 3 scrolls of identify
 k - a scroll of enchant armour
 m - a scroll of teleportation
 n - a scroll of blinking {unknown}
 q - a scroll of immolation {unknown}
Potions
 b - 2 potions of magic
 e - a potion of heal wounds {unknown}
 f - a potion of ambrosia
 j - a potion of flight {unknown}
 p - 2 potions of lignification {unknown}


   Skills:
 + Level 3.1 Fighting
 - Level 1.5 Dodging
 - Level 2.1 Stealth
 + Level 3.4 Spellcasting
 - Level 0.7 Transmutations
 + Level 5.2 Earth Magic


You had 9 spell levels left.
You knew the following spells:

 Your Spells              Type           Power      Damage    Failure   Level
a - Sandblast             Erth           58%        2d13      1%          1

Your spell library contained the following spells:

 Spells                   Type           Power      Damage    Failure   Level
 Passwall                 Tmut/Erth      15%        N/A       4%          2
 Stone Arrow              Conj/Erth      32%        3d9       11%         3
 Ignite Poison            Fire/Tmut/Pois 5%         N/A       28%         3
 Mephitic Cloud           Conj/Pois/Air  4%         N/A       30%         3
 Petrify                  Tmut/Erth      18%        N/A       30%         4
 Freezing Cloud           Conj/Ice/Air   2%         6-21      96%         5


Dungeon Overview and Level Annotations

Branches:
Dungeon (4/15)
 Temple: D:4-7

Altars:
Zin


Innate Abilities, Weirdness & Mutations

You are immune to sickness and miasma.
Your stone body is resilient. (AC +4)
You are immune to poison.
You resist negative energy. (rN+)
You are resistant to electric shocks. (rElec)
You are resistant to unholy torment.
You are immune to petrification.


Message History

The sling bullet barely misses you. Something hits you but does no damage.
Your Fighting skill increases to level 3!
Casting: Sandblast (safe; 1% risk of failure)
Confirm with . or Enter, or press ? or * to list all spells.
Aiming: Sandblast (safe; 1% risk of failure)
Press: ? - help, Shift-Dir - straight line, f - giant cockroach
Aim: a giant cockroach (83% to hit)
The blast of sand hits the giant cockroach!
You kill the giant cockroach!
You hear some strange, mumbled words.
You are confused.
The goblin shoots a sling bullet.
The sling bullet misses you.
You're too confused to cast spells.
Unknown command.
You're too confused to cast spells.
Unknown command.
You're too confused to cast spells.
You bump into the rock wall.
Something hits you but does no damage.
The goblin shoots a sling bullet.
The sling bullet hits you but does no damage.
You're too confused to move!
Something hits you but does no damage.
The goblin shoots a sling bullet.
The sling bullet closely misses you.
You barely miss something. Something hits you.
* * * LOW HITPOINT WARNING * * *
The goblin shoots a sling bullet.
Something hits you but does no damage.
You hear some strange, mumbled words.
Something tries to affect you, but you resist.
You bump into the rock wall.
The goblin shoots a sling bullet.
The sling bullet barely misses you.
You hear some strange, mumbled words.
A puff of flame appears from out of thin air!
The puff of flame hits you.
* * * LOW HITPOINT WARNING * * *
You bump into the rock wall.
You feel less confused.
You hear some strange, mumbled words.
A puff of flame appears from out of thin air!
The puff of flame hits you!
You die...

# ###....# ..
...$..#
<##..g..#
.......
#.###....
......)†# #)#
###########{#
...(...<.@..#
#############


There were no monsters in sight!

Vanquished Creatures
  A hound (D:4)
  An orc wizard (D:4)
  5 adders
  4 worms (D:2)
  6 dart slugs
  5 orcs
  5 bats
  7 endoplasms
  5 giant cockroaches
  7 hobgoblins
  5 kobolds
  3 quokkas
  7 ball pythons
  2 frilled lizards (D:1)
  6 goblins
  6 rats
75 creatures vanquished.

Notes
Turn   | Place    | Note
-------+----------+-------------------------------------------
     0 | D:1      | theswoord the Gargoyle Earth Elementalist began the quest
                  | for the Orb.
     0 | D:1      | Reached XP level 1. HP: 10/10 MP: 3/3
   109 | D:1      | Reached XP level 2. HP: 16/16 MP: 5/5
   135 | D:1      | Reached skill level 1 in Fighting
   395 | D:1      | Reached skill level 4 in Earth Magic
   508 | D:1      | Reached XP level 3. HP: 13/20 MP: 6/6
  1294 | D:2      | Reached XP level 4. HP: 23/26 MP: 8/8
  1491 | D:2      | Found a faded altar of an unknown god.
  2090 | D:3      | Reached XP level 5. HP: 31/31 MP: 6/9
  2313 | D:3      | Reached skill level 5 in Earth Magic
  2643 | D:3      | Found a glowing silver altar of Zin.
  2956 | D:4      | Killed from afar by an orc wizard

Skill      XL: |  1  2  3  4  5 |
---------------+----------------+-----
Fighting       | 1 2 3 |  3.1
Earth Magic    | 4 5 |  5.2
Spellcasting   | 3 |  3.4
Dodging        | |  1.5
Stealth        | |  2.1
Transmutations | |  0.7

Action                   |  1- 3 |  4- 6 || total
-------------------------+-------+-------++-------
Melee: Spear             |    76 |    39 ||   115
       Punch             |       |     1 ||     1
       Hand axe          |       |    33 ||    33
 Cast: Sandblast         |     3 |    23 ||    26
  Use: Scroll            |     4 |     1 ||     5
 Stab: Sleeping          |     9 |     3 ||    12
Armor: Robe              |    22 |    26 ||    48
Dodge: Dodged            |    29 |    43 ||    72

Levels and vault maps discovered:
D:1:      dpeg_arrival_stone_temple_mockup, layout_basic, minmay_ruptured
D:2:      layout_basic, shapermc_ecumenical_altar_mp_vishouse,
          minmay_misc_feat_enclosed
D:3:      layout_basic, zin_treasury, minmay_misc_feat_secret_circle
D:4:      minmay_wonky_spiral, layout_basic, minivault_5
